 Dungeon Crawl Stone Soup version 0.27-a0-951-gae3e1deef5 (webtiles) character file.

Game seed: 12434536385893417075

7 Alarkh the Insei (level 1, 0/15 HPs)
             Began as a Demonspawn Transmuter on Apr 11, 2021.
             Slain by a quokka (5 damage)
             ... on level 1 of the Dungeon.
             The game lasted 00:00:13 (124 turns).

Alarkh the Insei (Demonspawn Transmuter)             Turns: 124, Time: 00:00:13

Health: 0/15       AC:  2    Str: 10    XL:     1   Next: 83%
Magic:  3/3        EV: 12    Int: 14    God:
Gold:   10         SH:  0    Dex: 13    Spells: 3/4 levels left

rFire    . . .     SeeInvis .     - Unarmed
rCold    . . .     Faith    .   (no shield)
rNeg     . . .     Spirit   .   a - +0 robe
rPois    .         Reflect  .   (helmet currently unavailable)
rElec    .         Harm     .   (no cloak)
rCorr    .         Rampage  .   (no gloves)
Will     .....                  (boots currently unavailable)
Stlth    +.........             (no amulet)
HPRegen  0.05/turn              (no ring)
MPRegen  0.08/turn              (no ring)

@: appendages (expiring)
A: horns 2, talons 2
a: End Transformation


You were on level 1 of the Dungeon.
You had temporarily grown beastly horns and talons.
You visited 1 branch of the dungeon, and saw 1 of its levels.

You collected 10 gold pieces.

Inventory:

Armour
 a - a +0 robe (worn)
Potions
 b - a potion of magic {unknown}
 c - 2 potions of cancellation {unknown}


   Skills:
 + Level 1.2 Fighting
 - Level 1.7 Dodging
 * Level 2.9 Unarmed Combat
 + Level 2.1 Spellcasting
 + Level 1.9 Transmutations


You had 3 spell levels left.
You knew the following spells:

 Your Spells              Type           Power      Damage    Failure   Level
a - Beastly Appendage     Tmut           12%        N/A       11%         1

Your spell library contained the following spells:

 Spells                   Type           Power      Damage    Failure   Level
 Wereblood                Tmut           6%         N/A       16%         2
 Spider Form              Tmut/Pois      2%         N/A       43%         3
 Ice Form                 Ice/Tmut       4%         N/A       85%         4
 Hydra Form               Tmut           3%         N/A       96%         5


Dungeon Overview and Level Annotations

Branches:
Dungeon (1/15)

Altars:


Innate Abilities, Weirdness & Mutations

You have temporarily grown beastly horns and talons.


Message History

Confirm with . or Enter, or press ? or * to list all spells.
You extend your transformation's duration.
Unknown command.
There is a stone staircase leading down here.
The quokka misses you.
You hit the quokka. You claw the quokka.
The quokka is almost dead.
Your transformation is almost over.
The quokka barely misses you. The quokka misses you.
You barely miss the quokka.
The quokka is almost dead.
The quokka bites you. The quokka closely misses you. The quokka bites you.
You are too injured to fight recklessly!
You are too injured to fight recklessly!
You are too injured to fight recklessly!
You are too injured to fight recklessly!
You are too injured to fight recklessly!
You are too injured to fight recklessly!
You are too injured to fight recklessly!
You are too injured to fight recklessly!
You are too injured to fight recklessly!
You are too injured to fight recklessly!
You are too injured to fight recklessly!
You are too injured to fight recklessly!
The quokka barely misses you.
There is a stone staircase leading down here.
You hit the quokka.
You kill the quokka!
You hit the quokka but do no damage.
The quokka bites you but does no damage.
You barely miss the quokka. Your kick misses the quokka.
The quokka misses you. x2
You hit the quokka but do no damage.
The quokka bites you but does no damage.
You barely miss the quokka. Your headbutt misses the quokka.
The quokka closely misses you.
You closely miss the quokka. Your kick misses the quokka. The quokka bites you.
You barely miss the quokka. You claw the quokka.
The quokka is moderately wounded.
The quokka bites you.
You die...

#.#.#............#
#
#.##.##.##.....#.#
#
#.##.##.##.#####.#
# #.##.##.##.# #.#
# #.......##.. ..#
# ####.########
### ### #.........
#.. ##.#####...
#.# #..@### #.#
#...r.# #..
#=..#........ ###
##.##........ #
#..........# #
#.##............#
#
#.##........#.#.#
# #.
#..........#.###
#.............##


You could see a quokka.

Vanquished Creatures
  An endoplasm (D:1)
  A hobgoblin (D:1)
  A quokka (D:1)
  2 ball pythons (D:1)
  A bat (D:1)
6 creatures vanquished.

Notes
Turn   | Place    | Note
-------+----------+-------------------------------------------
     0 | D:1      | Alarkh the Demonspawn Transmuter began the quest for the
                  | Orb.
     0 | D:1      | Reached XP level 1. HP: 15/15 MP: 3/3
    23 | D:1      | Found a faded altar of an unknown god.
   124 | D:1      | Slain by a quokka

Illustrated notes

Levels and vault maps discovered:
D:1:      lightli_arrival_noodles, layout_loops_cross, basic_ecumenical_altar

Action                   || total
-------------------------++-------
Melee: Unarmed           ||    21
       Kick              ||     2
       Headbutt          ||     2
 Cast: Beastly Appendage ||     5
Armor: Robe              ||     5
Dodge: Dodged            ||    21

Table legend: (Time is in decaauts)
 A = Elapsed time spent in this place.
 B = Non-inter-level travel time spent in this place.
 C = Inter-level travel time spent in this place.
 D = Time resting spent in this place.
 E = Time spent auto-exploring this place.
 F = Levels seen in this place.
 G = Mean time per level.
                   A        B        C        D        E       F      G
               +--------+--------+--------+--------+--------+-----+--------+
         Total |    123 |    123 |      0 |      0 |     78 |   1 |  123.0 |
       Dungeon |    123 |    123 |      0 |      0 |     78 |   1 |  123.0 |
               +--------+--------+--------+--------+--------+-----+--------+

Top non-repeatable levels by time:
     D:1: 123 daAuts
